 Dungeon Crawl Stone Soup version 0.21.1-1-g345015f (webtiles) character file.

67 garbagetei the Digger (level 4, -1/35 HPs)
             Began as a Ghoul Earth Elementalist on Feb 6, 2018.
             Slain by an orc wizard
             ... wielding a +0 dagger
              (3 damage)
             ... on level 3 of the Dungeon.
             The game lasted 00:05:11 (2440 turns).

garbagetei the Digger (Ghoul Earth Elementalist)    Turns: 2440, Time: 00:05:11

Health: -1/35      AC:  3    Str: 11    XL:     4   Next: 16%
Magic:  6/6        EV: 12    Int: 11    God:
Gold:   175        SH:  0    Dex:  9    Spells: 7/8 levels left

rFire    . . .     SeeInvis .   (no weapon)
rCold    + . .     Gourm    .   (no shield)
rNeg     + + +     Faith    .   c - +0 robe
rPois    ∞         Spirit   .   l - +1 hat
rElec    .         Reflect  .   (no cloak)
rCorr    .         Harm     .   (no gloves)
MR       .....                  (no boots)
Stlth    ++........             (no amulet)
HPRegen  0.00/turn              (no ring)
MPRegen  0.10/turn              (no ring)

@: about to teleport, rotting
A: rotting body, claws 1, carnivore, cold resistance 1, negative energy
resistance 3, inhibited regeneration, torment resistance, unbreathing
a: no special abilities


You were on level 3 of the Dungeon.
You were not hungry.

You visited 1 branch of the dungeon, and saw 3 of its levels.

You collected 175 gold pieces.

Inventory:

Missiles
 b - 38 stones (quivered)
 p - 20 sling bullets
Armour
 c - a +0 robe (worn)
 l - a +1 hat (worn)
Jewellery
 a - an uncursed ring of fire
Scrolls
 g - 3 scrolls of amnesia {unknown}
 i - 2 scrolls of immolation {unknown}
 j - a scroll of remove curse {unknown}
 k - a scroll of blinking {unknown}
 o - a scroll of identify {unknown}
 s - a scroll of magic mapping {unknown}
Potions
 f - 2 potions of curing {unknown}
 h - a potion of heal wounds {unknown}
 m - a potion of magic
 n - a potion of flight {unknown}
Books
 e - a book of Geomancy

   Spells                             Type                      Level
   a - Sandblast                      Earth                        1
   b - Passwall                       Transmutation/Earth          2
   c - Stone Arrow                    Conjuration/Earth            3
   d - Petrify                        Transmutation/Earth          4
   e - Lee's Rapid Deconstruction     Earth                        5
Comestibles
 d - 7 rations
 q - a chunk of flesh


   Skills:
 + Level 1.1 Fighting
 + Level 2.1 Dodging
 - Level 2.1 Stealth
 * Level 2.6 Spellcasting
   Level 0.8 Transmutations
 * Level 4.1 Earth Magic


You had 7 spell levels left.
You knew the following spells:

 Your Spells              Type           Power        Failure   Level  Hunger
a - Sandblast             Erth           ##....       4%          1    ##.....


Dungeon Overview and Level Annotations

Branches:
Dungeon (3/15)

Altars:
Sif Muna


Innate Abilities, Weirdness & Mutations

Your body is rotting away.
You thrive on raw meat.
You are immune to poison.
You have sharp fingernails.
You are carnivorous and can eat meat at any time.
Your flesh is cold resistant. (rC+)
You are immune to negative energy. (rN+++)
You do not regenerate when monsters are visible.
You are immune to unholy pain and torment.
You can survive without breathing.


Message History

The kobold barely misses you.
You closely miss the kobold. The kobold hits you but does no damage.
The orc wizard mumbles some strange words.
The orc wizard seems to speed up.
The orc misses you. The kobold hits you with a dagger.
You scratch the kobold.
The kobold is severely wounded.
The orc wizard hits you with a dagger.
* * * LOW HITPOINT WARNING * * *
The orc misses you.
The kobold hits you but does no damage. x2
The orc closely misses you. The orc wizard closely misses you.
As you read the scroll of teleportation, it crumbles to dust.
You feel strangely unstable.
The orc hits you with a whip of electrocution!
* * * LOW HITPOINT WARNING * * *
The kobold hits you but does no damage. The orc wizard barely misses you.
The kobold closely misses you.
It was a potion of magic.
Magic courses through your body. The orc wizard hits you with a dagger.
You die...

#.# ...#
#.# ##..#
#.# ....#
#.# ...#
#.#
#####..#
#o#
......#
#.#
#.oo##
#o#
#.o@.#
#.#
#.K#K#
#.#
#).#.#
o.#
#..#.#
###
#..#.#
.?..#.#
..##..#.#
...
#..#.# ..
#..#


You could see an orc wizard, 2 orcs and 2 kobolds.

Vanquished Creatures
  2 adders (D:2)
  An ooze (D:1)
  3 dart slugs
  An orc (D:3)
  7 bats
  2 giant cockroaches (D:1)
  4 goblins
  3 hobgoblins (D:1)
  8 frilled lizards
  A kobold (D:1)
  9 rats
41 creatures vanquished.

Notes
Turn   | Place    | Note
-------+----------+-------------------------------------------
     0 | D:1      | garbagetei the Ghoul Earth Elementalist began the quest for the Orb.
     0 | D:1      | Reached XP level 1. HP: 14/14 MP: 2/2
   217 | D:1      | Reached XP level 2. HP: 15/21 MP: 0/4
   778 | D:2      | Found a deep blue altar of Sif Muna.
   810 | D:2      | Reached XP level 3. HP: 24/26 MP: 2/5
  1054 | D:2      | Reached skill level 1 in Fighting
  1617 | D:1      | Reached skill level 4 in Earth Magic
  1930 | D:1      | Reached XP level 4. HP: 35/35 MP: 6/6
  2440 | D:3      | Slain by an orc wizard

Skill      XL: |  1  2  3 |
---------------+----------+-----
Spellcasting   | 2 |  2.6
Dodging        | 2 |  2.1
Fighting       | 1 |  1.1
Earth Magic    | 4 |  4.1
Stealth        | |  2.1
Transmutations | |  0.8

Action                   |  1- 3 |  4- 6 || total
-------------------------+-------+-------++-------
Melee: Unarmed           |    92 |    24 ||   116
       Mace              |     5 |       ||     5
 Cast: Sandblast         |    28 |     5 ||    33
  Use: Scroll            |       |     2 ||     2
       Potion            |       |     1 ||     1
 Stab: Sleeping          |     1 |     1 ||     2
       Distracted        |     1 |       ||     1
  Eat: Chunk             |    12 |     3 ||    15
Armor: Robe              |    35 |    15 ||    50
Dodge: Dodged            |    75 |    41 ||   116
